 Dungeon Crawl Stone Soup version 0.20.1-1-g8b1a95d (webtiles) character file.

52927 renl the Earth Mage (level 14, -13/61 HPs)
             Began as a Gargoyle Earth Elementalist on July 11, 2017.
             Was the Champion of Cheibriados.
             Mangled by an orc knight
             ... wielding a +0 battleaxe
              (19 damage)
             ... on level 2 of the Orcish Mines on July 12, 2017.
             The game lasted 02:55:11 (17744 turns).

renl the Earth Mage (Gargoyle Earth Elementalist)  Turns: 17744, Time: 02:55:12

Health: -13/61     AC: 20    Str: 30    XL:     14   Next: 66%
Magic:  40/46      EV: 16    Int: 35    God:    Cheibriados [******]
Gold:   1524       SH:  6    Dex: 23    Spells: 9/34 levels left

rFire    + . .     SeeInvis .   b - +8 mace of Mana {pain, MR+ MP+9 Str+3 Dex-3}
rCold    + . .     Gourm    +   c - +2 buckler {rC+}
rNeg     + . .     Faith    .   i - +2 leather armour {rF+}
rPois    ∞         Spirit   .   x - +2 helmet
rElec    +         Reflect  .   l - +0 cloak
rCorr    .         Harm     .   z - +1 pair of gloves
MR       ++++.                  (no boots)
Stlth    ++........             S - amulet of the gourmand
Regen    0.2/turn               A - ring of magical power
MPRegen  0.3/turn               K - ring "Arif" {rElec EV+5}

@: flying, very slightly contaminated, very slow
A: big wings, frail 1, magic resistance 2, negative energy resistance 1,
electricity resistance, unbreathing, evolution 1, petrification resistance, rot
immunity, AC +9
a: Stop Flying, Bend Time, Temporal Distortion, Slouch, Step From Time, Renounce
Religion


You were on level 2 of the Orcish Mines.
You worshipped Cheibriados.
Cheibriados was exalted by your worship.
You were completely stuffed.

You visited 4 branches of the dungeon, and saw 21 of its levels.
You also visited: Ice Cave.

You collected 1524 gold pieces.

Inventory:

Hand Weapons
 a - a +3 arbalest of freezing
 b - the +8 mace of Mana (weapon) {pain, MR+ MP+9 Str+3 Dex-3}
   (You found it on level 6 of the Lair of Beasts)

   In the hands of one skilled in necromantic magic, it inflicts extra damage on
   living creatures.
   It affects your strength (+3).
   It affects your dexterity (-3).
   It affects your resistance to hostile enchantments.
   It affects your magic capacity (+9).
Missiles
 D - 583 stones (quivered)
 E - 98 bolts
Armour
 c - a +2 buckler of cold resistance (worn)
 i - a +2 leather armour of fire resistance (worn)
 l - a +0 cloak (worn)
 x - a +2 helmet (worn)
 z - a +1 pair of gloves (worn)
Magical Staves
 e - an uncursed staff of wizardry
Jewellery
 p - an uncursed ring of protection from fire
 A - a ring of magical power (left hand)
 K - the ring "Arif" (right hand) {rElec EV+5}
   (You found it on level 7 of the Dungeon)

   [ring of evasion]

   It affects your evasion (+5).
   It insulates you from electricity.
 S - an amulet of the gourmand (around neck)
 V - an uncursed ring of fire
Wands
 L - a wand of digging (6/24)
 R - a wand of clouds (5/9)
Scrolls
 m - 4 scrolls of remove curse
 n - 2 scrolls of magic mapping
 s - 5 scrolls of recharging
 v - 9 scrolls of teleportation
 J - a scroll of amnesia
 U - 2 scrolls of enchant armour
 W - a scroll of blinking {unknown}
 Z - a scroll of enchant weapon
Potions
 f - 4 potions of brilliance
 j - a potion of resistance
 o - 2 potions of magic
 q - 13 potions of curing
 r - a potion of lignification
 t - 5 potions of might
 u - 4 potions of heal wounds
 G - 3 potions of ambrosia
 T - 9 potions of agility
 X - 2 potions of mutation
 Y - 2 potions of cancellation {unknown}
Miscellaneous
 N - a lightning rod (4/4)
Comestibles
 d - 10 bread rations
 g - 7 chunks of flesh
 h - 8 royal jellies
 B - 3 meat rations
 I - 8 fruits


   Skills:
 * Level 10.2 Crossbows
 - Level 1.5 Dodging
 - Level 2.1 Stealth
 + Level 10.7 Spellcasting
 + Level 3.9 Conjurations
 + Level 1.0 Charms
 + Level 0.3 Translocations
 + Level 2.0 Transmutations
 + Level 20.6 Earth Magic
 * Level 5.9 Invocations


You had 9 spell levels left.
You knew the following spells:

 Your Spells              Type           Power        Failure   Level  Hunger
a - Sandblast             Erth           ######       0%          1    None
b - Stone Arrow           Conj/Erth      ######       1%          3    None
c - Lee's Rapid Deconstr  Erth           ########..   1%          5    ##.....
d - Passwall              Tmut/Erth      #######...   1%          2    None
e - Petrify               Tmut/Erth      #######.     1%          4    None
f - Ozocubu's Armour      Chrm/Ice       ###.....     10%         3    None
g - Blink                 Tloc           N/A          5%          2    None
h - Gell's Gravitas       Tloc           ###.......   11%         3    None
i - Shroud of Golubria    Chrm/Tloc      ###.......   4%          2    None


Dungeon Overview and Level Annotations

Branches:
Dungeon (12/15)            Temple (1/1) D:7            Lair (6/6) D:9
 Shoals (0/4) Lair:3       Spider (0/4) Lair:3        Slime (0/5) Lair:6
    Orc (2/2) D:9
    Elf: Orc:2

Altars:
Ashenzari
Cheibriados
Dithmenos
Elyvilon
Fedhas
Gozag
Hepliaklqana
Kikubaaqudgha
Makhleb
Nemelex Xobeh
Okawaru
Qazlal
Ru
Sif Muna
Trog
Uskayaw
Vehumet
Xom
Yredelemnul
Zin
The Shining One
Jiyva

Shops:
D:9 ?


Innate Abilities, Weirdness & Mutations

You are resistant to torment.
Your stone body is resilient. (AC +9)
You are immune to poison.
Your large and strong wings let you fly indefinitely.
You resist negative energy. (rN+)
You are resistant to electric shocks. (rElec)
You can survive without breathing.
You are immune to petrification.
You are immune to rotting.
You are frail. (-10% HP)
You are highly resistant to hostile enchantments. (MR++)
You evolve.


Message History

You fly downwards.
The orc warrior hits you but does no damage.
The orc barely misses you. x2
The orc knight hits you with a battleaxe.
The orc knight roars a battlecry!
The orcs go into a battle-frenzy!
The orc throws a tomahawk.
The tomahawk hits you but does no damage.
The orc hits you with a club.
The orc priest calls down the wrath of Beogh upon you.
Beogh smites you!
An orc warrior comes into view. It is wielding a short sword.
There is a stone staircase leading up here.
You see here 5 tomahawks.
The orc warrior hits you with a long sword!!
You block the orc's attack.
The orc knight hits you with an enchanted war axe!!
* * * LOW HITPOINT WARNING * * *
The orc knight hits you with a battleaxe!!
You die...

...........
P.........
..........
..o......###
.[.........# #
)..........#.#..
..<.o...oo......
.......o@......$
...####o.o.[.o..
#.....o...
###..o....
....<.. o......
....$.. ..o.o..


You could see 2 orc knights, 5 orc warriors, 2 orc priests, an orc wizard and 3
orcs.

Vanquished Creatures
  A fire dragon (Lair:6)
  3 hydras (Lair:3)
  2 two-headed ogres
  6 death yaks
  2 tengu warriors (D:10)
  The ghost of Teraunce the Destroyer, a novice DrCj (D:8)
  2 lindwurms
  An orc sorcerer (Orc:2)
  3 oklob plants (Lair:6)
  6 elephants
  7 black mambas
  An ice statue (IceCv)
  A water nymph (Lair:3)
  A gargoyle (D:11)
  2 molten gargoyles (Lair:6)
  16 spiny frogs
  4 rime drakes
  8 komodo dragons
  A troll (D:11)
  2 jumping spiders (Lair:3)
  9 polar bears
  7 blink frogs
  Prince Ribbit (D:5)
  10 hippogriffs
  8 dream sheep
  A redback (Lair:3)
  4 wyverns
  2 fire bats (Lair:3)
  A steam dragon (Lair:6)
  7 basilisks
  29 yaks
  Grum (D:8)
  2 hungry ghosts
  Menkaure (D:7)
  11 water moccasins
  10 porcupines
  6 hell hounds
  13 orc warriors
  12 ice beasts
  5 sky beasts
  A black bear (Lair:2)
  2 phantoms
  8 ogres
  17 wolves
  8 centaurs
  14 crocodiles
  A big kobold (D:12)
  14 bullfrogs
  Blork the orc (D:6)
  4 scorpions
  An electric eel (Lair:4)
  4 howler monkeys
  11 crimson imps
  5 lava snakes (Lair:6)
  2 bullfrog zombies
  A centaur zombie (D:7)
  11 orc priests
  Crazy Yiuf (D:5)
  3 hounds
  5 jellies
  13 orc wizards
  2 bullfrog skeletons
  3 centaur skeletons
  Jessica (D:3)
  2 iguanas (D:9)
  4 worker ants
  4 hound skeletons
  A gnoll (D:1)
  19 adders
  A shadow imp (D:9)
  3 oozes
  6 worms
  A dart slug (D:2)
  8 leopard geckos
  47 orcs
  4 giant cockroaches
  6 goblins
  5 hobgoblins
  15 jackals
  3 kobolds
  6 quokkas
  A ball python (D:8)
  6 bats
  6 frilled lizards
  2 quokka skeletons
  2 rats (D:1)
  7 fungi
  5 plants
507 creatures vanquished.

Vanquished Creatures (others)
  20 fungi
  19 plants
39 creatures vanquished.

Grand Total: 546 creatures vanquished

Notes
Turn   | Place    | Note
-------+----------+-------------------------------------------
     0 | D:1      | renl the Gargoyle Earth Elementalist began the quest for the Orb.
     0 | D:1      | Reached XP level 1. HP: 10/10 MP: 3/3
   253 | D:1      | Reached skill level 4 in Earth Magic
   418 | D:1      | Reached XP level 2. HP: 15/15 MP: 1/5
   530 | D:1      | Reached skill level 5 in Earth Magic
   530 | D:1      | Reached XP level 3. HP: 12/19 MP: 6/6
   703 | D:1      | Learned a level 3 spell: Stone Arrow
   929 | D:2      | Reached XP level 4. HP: 24/24 MP: 5/7
  1001 | D:2      | Reached skill level 6 in Earth Magic
  1812 | D:3      | Reached XP level 5. HP: 27/28 MP: 8/8
  2018 | D:3      | Noticed Jessica
  2021 | D:3      | Killed Jessica
  2021 | D:3      | Reached skill level 7 in Earth Magic
  2161 | D:3      | Found a shadowy altar of Dithmenos.
  2580 | D:4      | Noticed an ogre
  2586 | D:4      | Killed an ogre
  2586 | D:4      | Reached skill level 8 in Earth Magic
  2586 | D:4      | Reached XP level 6. HP: 31/32 MP: 2/9
  2858 | D:4      | Reached skill level 9 in Earth Magic
  2877 | D:4      | Reached XP level 7. HP: 36/36 MP: 4/10
  3223 | D:5      | Entered Level 5 of the Dungeon
  3348 | D:5      | Learned a level 5 spell: Lee's Rapid Deconstruction
  3749 | D:5      | Reached skill level 1 in Conjurations
  3749 | D:5      | Reached skill level 10 in Earth Magic
  3767 | D:5      | Noticed Prince Ribbit
  3771 | D:5      | Killed Prince Ribbit
  3771 | D:5      | Reached skill level 1 in Crossbows
  3771 | D:5      | Reached XP level 8. HP: 41/41 MP: 1/11
  3931 | D:5      | Found a runed door.
  3935 | D:5      | Noticed Crazy Yiuf
  3937 | D:5      | Killed Crazy Yiuf
  4185 | D:5      | Reached skill level 11 in Earth Magic
  4252 | D:5      | Got a steaming mace
  4253 | D:5      | Identified the cursed +1 mace of the Magi {drain, MP+9} (You found it on level 5 of the Dungeon)
  4619 | D:6      | Reached skill level 12 in Earth Magic
  4836 | D:6      | Reached XP level 9. HP: 45/45 MP: 12/12
  4840 | D:6      | Noticed Blork the orc
  4841 | D:6      | Killed Blork the orc
  4841 | D:6      | Reached skill level 13 in Earth Magic
  5120 | D:7      | Got a bound wooden ring
  5122 | D:7      | Identified the ring "Arif" {rElec EV+5} (You found it on level 7 of the Dungeon)
  5418 | D:7      | Noticed Menkaure
  5421 | D:7      | Killed Menkaure
  5602 | D:7      | Found a staircase to the Ecumenical Temple.
  5613 | Temple   | Entered the Ecumenical Temple
  5797 | Temple   | Became a worshipper of Cheibriados the Contemplative
  5934 | D:7      | Reached skill level 14 in Earth Magic
  6313 | D:8      | Reached * piety under Cheibriados
  6581 | D:8      | Reached XP level 10. HP: 38/50 MP: 13/13
  6622 | D:8      | Noticed a two-headed ogre
  6628 | D:8      | Killed a two-headed ogre
  6628 | D:8      | Reached skill level 15 in Earth Magic
  6640 | D:8      | Noticed Grum
  6658 | D:8      | Killed Grum
  6658 | D:8      | Reached ** piety under Cheibriados
  6758 | D:8      | Noticed Teraunce's ghost (novice DrCj)
  6768 | D:8      | Killed Teraunce's ghost
  6768 | D:8      | Reached skill level 16 in Earth Magic
  7128 | D:9      | Found a staircase to the Lair.
  7175 | D:9      | Reached skill level 5 in Crossbows
  7175 | D:9      | Reached XP level 11. HP: 30/54 MP: 9/17
  7202 | D:9      | Reached *** piety under Cheibriados
  7288 | D:9      | Found a staircase to the Orcish Mines.
  7288 | D:9      | Found Zookitti's Magic Scroll Emporium.
  7663 | D:10     | Entered Level 10 of the Dungeon
  7696 | D:10     | Reached skill level 5 in Spellcasting
  7696 | D:10     | Reached skill level 17 in Earth Magic
  7815 | D:10     | Reached **** piety under Cheibriados
  8010 | D:10     | Noticed a two-headed ogre
  8015 | D:10     | Killed a two-headed ogre
  8301 | D:10     | Noticed a tengu warrior
  8303 | D:10     | Noticed a tengu warrior
  8306 | D:10     | Killed a tengu warrior
  8306 | D:10     | Killed a tengu warrior
  8316 | D:10     | Learned a level 2 spell: Passwall
  8321 | D:10     | Learned a level 4 spell: Petrify
  8901 | D:11     | Found a stormy altar of Qazlal.
  9291 | D:12     | Reached ***** piety under Cheibriados
  9342 | D:12     | Found a labyrinth entrance.
  9432 | D:11     | Reached skill level 1 in Transmutations
  9570 | Lair:1   | Entered Level 1 of the Lair of Beasts
  9575 | Lair:1   | Learned a level 3 spell: Ozocubu's Armour
  9601 | Lair:1   | Reached XP level 12. HP: 36/59 MP: 21/21
  9746 | Lair:1   | Reached skill level 18 in Earth Magic
 11500 | Lair:3   | Found a hole to the Spider Nest.
 11545 | Lair:3   | Found a frozen archway.
 11659 | Lair:3   | Reached skill level 19 in Earth Magic
 11659 | Lair:3   | Reached XP level 13. HP: 63/63 MP: 5/25
 11677 | Lair:3   | Found a staircase to the Shoals.
 11712 | Lair:3   | Reached skill level 1 in Charms
 11721 | Lair:3   | Reached ****** piety under Cheibriados
 11861 | IceCv    | Entered an ice cave
 12083 | IceCv    | Noticed gimmethegepgun's ghost (journeyman DsAK)
 12549 | Lair:3   | Reached skill level 1 in Invocations
 13181 | Lair:4   | Gained mutation: You tend to lose your temper in combat. [potion of mutation]
 13181 | Lair:4   | Gained mutation: You are partially covered in molten scales. (AC +2) [potion of mutation]
 13182 | Lair:4   | Lost mutation: You tend to lose your temper in combat. [potion of mutation]
 13182 | Lair:4   | Lost mutation: You are partially covered in molten scales. (AC +2) [potion of mutation]
 13182 | Lair:4   | Gained mutation: You evolve. [potion of mutation]
 13182 | Lair:4   | Gained mutation: You are frail. (-10% HP) [potion of mutation]
 13182 | Lair:4   | Gained mutation: You are resistant to hostile enchantments. (MR+) [potion of mutation]
 13182 | Lair:4   | Gained mutation: Your muscles are strong. (Str +2) [potion of mutation]
 13249 | Lair:4   | HP: 2/56 [blast of petrified fragments (41)]
 13300 | Lair:4   | Lost mutation: Your muscles are strong. (Str +2) [evolution]
 14646 | Lair:5   | Learned a level 2 spell: Blink
 14650 | Lair:5   | Learned a level 3 spell: Gell's Gravitas
 14867 | Lair:5   | Reached skill level 20 in Earth Magic
 15142 | Lair:6   | Entered Level 6 of the Lair of Beasts
 15157 | Lair:6   | Got a crystal flail
 15159 | Lair:6   | Identified the cursed +3 flail of Ambiguity {elec, Str+4 Dex+2} (You found it on level 6 of the Lair of Beasts)
 15168 | Lair:6   | Learned a level 2 spell: Shroud of Golubria
 15270 | Lair:6   | Gained mutation: Your large and strong wings let you fly indefinitely. [Gargoyle growth]
 15270 | Lair:6   | Reached XP level 14. HP: 61/61 MP: 21/27
 15303 | Lair:6   | Got a steaming mace
 15304 | Lair:6   | Identified the +8 mace of Mana {pain, MR+ MP+9 Str+3 Dex-3} (You found it on level 6 of the Lair of Beasts)
 15323 | Lair:6   | Reached skill level 10 in Spellcasting
 15435 | Lair:6   | Found a viscous altar of Jiyva.
 15444 | Lair:6   | Found a staircase to the Slime Pits.
 16161 | Lair:6   | Reached skill level 5 in Invocations
 16242 | Lair:6   | Found a large runed door.
 16242 | Lair:6   | Found a large runed door.
 16768 | Lair:6   | Reached skill level 10 in Crossbows
 17360 | Orc:1    | Entered Level 1 of the Orcish Mines
 17553 | Orc:2    | Entered Level 2 of the Orcish Mines
 17736 | Orc:1    | Gained mutation: You are highly resistant to hostile enchantments. (MR++) [evolution]
 17744 | Orc:2    | Mangled by an orc knight

Skill      XL: |  1  2  3  4  5  6  7  8  9 10 11 12 13 14 |
---------------+-------------------------------------------+-----
Earth Magic    | 4 5 6 8 9 10 12 14 16 17 19 20 | 20.6
Conjurations   | 1 2 3 |  3.9
Crossbows      | 1 2 3 5 7 8 9 10 | 10.2
Spellcasting   | 4 6 8 9 10 | 10.7
Transmutations | 1 2 |  2.0
Charms         | 1 |  1.0
Invocations    | 4 5 |  5.9
Dodging        | |  1.5
Stealth        | |  2.1
Translocations | |  0.3

Action                   |  1- 3 |  4- 6 |  7- 9 | 10-12 | 13-15 || total
-------------------------+-------+-------+-------+-------+-------++-------
Melee: Unarmed           |    12 |       |       |       |       ||    12
       Whip              |    60 |   171 |    72 |       |       ||   303
       Mace              |       |       |   132 |   262 |    30 ||   424
       Arbalest          |       |       |       |     2 |       ||     2
 Fire: Arbalest          |       |       |     8 |    55 |     7 ||    70
 Cast: Sandblast         |     9 |    32 |    71 |    80 |    54 ||   246
       Stone Arrow       |     1 |    14 |    18 |    71 |    16 ||   120
       Lee's Rapid Decon |       |       |    18 |    79 |   204 ||   301
       Petrify           |       |       |       |     8 |    61 ||    69
       Ozocubu's Armour  |       |       |       |     4 |     2 ||     6
       Passwall          |       |       |       |     1 |     2 ||     3
       Blink             |       |       |       |       |     6 ||     6
       Shroud of Golubri |       |       |       |       |     1 ||     1
       Gell's Gravitas   |       |       |       |       |     1 ||     1
Invok: Bend Time         |       |       |       |       |     1 ||     1
 Abil: Fly               |       |       |       |       |     1 ||     1
Evoke: Wand              |       |       |       |       |     2 ||     2
  Use: Scroll            |       |       |    16 |     5 |     3 ||    24
       Potion            |       |       |       |       |     4 ||     4
 Stab: Sleeping          |       |     2 |       |     2 |       ||     4
       Petrified         |       |       |       |     5 |     3 ||     8
  Eat: Chunk             |       |     9 |    22 |    35 |    21 ||    87
Armor: Leather armour    |    34 |   111 |   125 |   240 |    72 ||   582
       Robe              |     2 |       |       |       |       ||     2
Dodge: Dodged            |    43 |   151 |   192 |   392 |   125 ||   903
Block: Buckler           |       |       |       |    12 |    52 ||    64
